 Dungeon Crawl Stone Soup version 0.30-a0-782-ge64f9170bb (webtiles) character file.

Game seed: 183036027170359195

492 mopl the Vexing (level 6, 0/35 HPs)
             Began as a Deep Elf Enchanter on Mar 13, 2023.
             Was a Follower of Dithmenos.
             Slain by an ice beast (4 damage)
             ... on level 6 of the Dungeon.
             The game lasted 00:05:05 (4364 turns).

mopl the Vexing (Deep Elf Enchanter)                Turns: 4364, Time: 00:05:06

Health: 0/35       AC:  2    Str:  5    XL:     6   Next: 91%
Magic:  13/15      EV: 12    Int: 22    God:    Dithmenos [*.....]
Gold:   380        SH:  0    Dex: 15    Spells: 4/15 levels left

rFire   . . .      SeeInvis .    a - +1 dagger
rCold   . . .      Faith    .    (no shield)
rNeg    . . .      Spirit   .    b - +0 robe
rPois   .          Reflect  .    (no helmet)
rElec   .          Harm     .    (no cloak)
rCorr   .          Rampage  .    (no gloves)
Will    .....                    (no boots)
Stlth   ++++                     (no amulet)
HPRegen 0.25/turn                (no ring)
MPRegen 0.14/turn                (no ring)

@: wreathed by umbra, invisible
A: no striking features
a: Renounce Religion


You were on level 6 of the Dungeon.
You worshipped Dithmenos.
Dithmenos was aware of your devotion.
You visited 1 branch of the dungeon, and saw 6 of its levels.

You collected 380 gold pieces.

Inventory:

Hand Weapons
 a - a +1 dagger (weapon)
 h - a +0 sling of freezing
Missiles
 x - 6 boomerangs
Armour
 b - a +0 robe (worn)
Wands
 w - a wand of light (9)
Scrolls
 d - 6 scrolls of teleportation {unknown}
 f - a scroll of fear {unknown}
 l - 5 scrolls of identify {unknown}
 p - a scroll of torment {unknown}
 q - a scroll of immolation {unknown}
 r - a scroll of enchant armour {unknown}
 t - a scroll of butterflies {unknown}
 u - 2 scrolls of noise {unknown}
 y - a scroll of acquirement {unknown}
Potions
 c - 2 potions of invisibility
 e - 2 potions of flight {unknown}
 g - a potion of lignification {unknown}
 i - a potion of curing {unknown}
 j - a potion of magic {unknown}
 k - 2 potions of might {unknown}
 m - a potion of brilliance {unknown}
 n - a potion of heal wounds {unknown}
 o - a potion of attraction {unknown}
 s - a potion of degeneration {unknown}
 v - a potion of mutation {unknown}
 z - a potion of haste {unknown}


   Skills:
 + Level 2.0 Fighting
 + Level 3.3 Short Blades
 - Level 2.4 Dodging
 + Level 5.7 Stealth
 + Level 5.2 Spellcasting
 + Level 5.9 Hexes


You had 4 spell levels left.
You knew the following spells:

 Your Spells              Type           Power      Damage    Failure   Level
a - Dazzling Flash        Conj/Hex       36%        N/A       9%          3
b - Ensorcelled Hibernat  Hex/Ice        36%        N/A       4%          2
c - Confusing Touch       Hex            31%        N/A       2%          3
d - Tukima's Dance        Hex            31%        N/A       2%          3

Your spell library contained the following spells:

 Spells                   Type           Power      Damage    Failure   Level
 Cause Fear               Hex            15%        N/A       9%          4
 Freeze                   Ice            20%        1d4       10%         1
 Shock                    Conj/Air       20%        1d4       10%         1
 Frozen Ramparts          Ice            10%        1d2       30%         3
 Hailstorm                Conj/Ice       5%         3d4       30%         3
 Swiftness                Air            5%         N/A       30%         3
 Airstrike                Air            2%         2d(1-17)  69%         4
 Dragon Form              Tmut           2%         N/A       100%        7
 Dragon's Call            Summ           2%         N/A       100%        9


Dungeon Overview and Level Annotations

Branches:
Dungeon (6/15)
 Temple: D:4-7

Altars:
Dithmenos
Trog
Uskayaw
Zin


Message History

The ice beast closely misses you.
Aiming: Bolt of Light
Press: ? - help, Shift-Dir - straight line, f - ice beast
Aim: an ice beast (almost dead, umbra, 71% to hit)
The bolt of light hits the ice beast.
The ice beast is almost dead.
The ice beast is blinded.
The ice beast closely misses you.
You catch the helpless ice beast completely off-guard!
You puncture the ice beast!
You kill the ice beast!
Dithmenos accepts your kill.
Your Fighting skill increases to level 2!
No target in view!
Found a stone staircase leading down.
An ice beast comes into view.
Casting: Ensorcelled Hibernation (safe; 4% risk of failure)
Confirm with . or Enter, or press ? or * to list all spells.
Your hands begin to glow red.
You completely miss the ice beast. The ice beast hits you.
The ice beast freezes you!
You hit the ice beast but do no damage. The ice beast completely misses you.
You barely miss the ice beast. The ice beast hits you.
The ice beast freezes you!
You closely miss the ice beast. The ice beast hits you.
* * * LOW HITPOINT WARNING * * *
The ice beast freezes you.
* * * LOW HITPOINT WARNING * * *
You hit the ice beast but do no damage. The ice beast closely misses you.
You fade into invisibility!
The ice beast misses you.
You hit the ice beast but do no damage. You hit the ice beast but do no damage.
The ice beast appears confused.
The ice beast misses you.
The ice beast hits itself but does no damage.
You hit the ice beast.
The ice beast is lightly wounded.
You hit the ice beast but do no damage.
The ice beast is lightly wounded.
The ice beast hits you.
You die...

.### #######.###.##..
.# #.# #..#.# ##
##.###..#.# #
#.......#.# #
#.#####..># #.# #.###
#.# #.# #.# #.#
##@#####.#####.#
#......Y............#
#.#####.......#######
#.#####.##### #.#
#.....# #.# #####.#
#.# #.# #.# #.# #.#


You could see an ice beast (confused, unable to see you).

Vanquished Creatures
  An ice beast (D:6)
  A necrophage (D:6)
  2 howler monkeys (D:5)
  2 hounds
  2 iguanas (D:5)
  6 adders
  An ufetubus (D:5)
  3 worms
  2 dart slugs
  13 orcs
  10 endoplasms
  2 giant cockroaches
  5 goblins
  5 hobgoblins
  7 quokkas
  2 ball pythons
  A bat (D:2)
  5 frilled lizards
  6 kobolds
  4 rats
80 creatures vanquished.

Vanquished Creatures (others)
  A fungus (D:4)
  A plant (D:3)
2 creatures vanquished.

Grand Total: 82 creatures vanquished

Notes
Turn   | Place    | Note
-------+----------+-------------------------------------------
     0 | D:1      | mopl the Deep Elf Enchanter began the quest for the Orb.
     0 | D:1      | Reached XP level 1. HP: 10/10 MP: 6/6
   267 | D:1      | Reached XP level 2. HP: 15/15 MP: 8/8
   270 | D:1      | Learned a level 2 spell: Ensorcelled Hibernation
   388 | D:1      | Reached skill level 4 in Stealth
   871 | D:2      | Reached XP level 3. HP: 14/19 MP: 10/10
   875 | D:2      | Learned a level 3 spell: Confusing Touch
   879 | D:2      | Learned a level 3 spell: Tukima's Dance
  1364 | D:3      | Found a glowing silver altar of Zin.
  1373 | D:3      | Found a shadowy altar of Dithmenos.
  1412 | D:3      | Became a worshipper of Dithmenos the Shadowed
  1469 | D:3      | Reached skill level 2 in Short Blades
  1797 | D:3      | Reached XP level 4. HP: 24/24 MP: 4/11
  2063 | D:3      | Found a hide-covered altar of Uskayaw.
  2072 | D:3      | Found a bloodstained altar of Trog.
  2136 | D:3      | Found a faded altar of an unknown god.
  2262 | D:4      | Reached skill level 4 in Spellcasting
  2603 | D:4      | Reached * piety under Dithmenos
  2939 | D:5      | Entered Level 5 of the Dungeon
  3153 | D:5      | Reached skill level 1 in Fighting
  3153 | D:5      | Reached skill level 5 in Hexes
  3153 | D:5      | Reached XP level 5. HP: 25/29 MP: 10/13
  3157 | D:5      | Learned a level 3 spell: Dazzling Flash
  3206 | D:5      | Reached skill level 5 in Stealth
  3825 | D:5      | Reached XP level 6. HP: 34/34 MP: 12/15
  4179 | D:6      | Reached skill level 3 in Short Blades
  4185 | D:6      | Reached skill level 5 in Spellcasting
  4279 | D:6      | Noticed an ice beast
  4284 | D:6      | Killed an ice beast
  4285 | D:6      | Reached skill level 2 in Fighting
  4349 | D:6      | Noticed an ice beast
  4364 | D:6      | Slain by an ice beast

Illustrated notes

Levels and vault maps discovered:
D:1:      minmay_arrival_solitary_statue, layout_basic
D:2:      layout_basic
D:3:      layout_basic, amcnicky_altar_gilded, mainiacjoe_overflow_tiny_flanked,
          mainiacjoe_overflow_swirl, shapermc_ecumenical_altar_petra,
          chequers_jeans, minmay_fractal_squares_gapless_5
D:4:      layout_loops_ring, serial_aquarium, aquarium_bridge_straight
          [aquarium_subvault_bridge, aquarium_subvault_wall,
          aquarium_subvault_bridge, aquarium_subvault_window],
          aquarium_window_fake, aquarium_window_double, aquarium_view_2f,
          aquarium_view_2c, kennysheep_small_square
D:5:      layout_basic
D:6:      layout_loops_ring, slow_altar_2

Skill      XL: |  1  2  3  4  5  6 |
---------------+-------------------+-----
Stealth        | 4 5 |  5.7
Short Blades   | 2 3 |  3.3
Spellcasting   | 4 5 |  5.2
Fighting       | 1 2 |  2.0
Hexes          | 5 |  5.9
Dodging        | |  2.4

Action                     |  1- 3 |  4- 6 || total
---------------------------+-------+-------++-------
  Melee: Dagger            |   110 |   100 ||   210
         Punch             |       |     1 ||     1
   Cast: Ensorcelled Hiber |    16 |    34 ||    50
         Confusing Touch   |       |     3 ||     3
  Evoke: Wand              |       |     1 ||     1
    Use: Potion            |       |     1 ||     1
   Stab: Sleeping          |    24 |    27 ||    51
         Confused          |       |     2 ||     2
         Invisible         |       |     1 ||     1
 Armour: Robe              |    15 |    15 ||    30
  Dodge: Dodged            |    44 |    70 ||   114

Table legend: (Time is in decaauts)
 A = Elapsed time spent in this place.
 B = Non-inter-level travel time spent in this place.
 C = Inter-level travel time spent in this place.
 D = Time resting spent in this place.
 E = Time spent auto-exploring this place.
 F = Levels seen in this place.
 G = Mean time per level.
                   A        B        C        D        E       F      G
               +--------+--------+--------+--------+--------+-----+--------+
         Total |   4340 |   4198 |    142 |    255 |   3319 |   6 |  723.3 |
       Dungeon |   4340 |   4198 |    142 |    255 |   3319 |   6 |  723.3 |
               +--------+--------+--------+--------+--------+-----+--------+

Top non-repeatable levels by time:
     D:5: 981 daAuts
     D:3: 791 daAuts
     D:2: 790 daAuts
     D:4: 785 daAuts
     D:1: 560 daAuts
     D:6: 432 daAuts
